 Dungeon Crawl Stone Soup version 0.31-a0-167-g1c394c0614 (webtiles) character file.

Game seed: 16396004413865454587

443 qw the Shooter (level 7, -2/64 HPs)
             Began as a Naga Hunter on June 14, 2023.
             Slain by an ogre
             ... wielding a +0 giant club
              (13 damage)
             ... on level 4 of the Dungeon.
             The game lasted 00:01:10 (3040 turns).

qw the Shooter (Naga Hunter)                        Turns: 3040, Time: 00:01:10

Health: -2/64      AC:  5    Str: 14    XL:     7   Next: 2%
Magic:  7/7        EV:  9    Int:  9    God:
Gold:   144        SH:  0    Dex: 16    Spells: 6/6 levels left

rFire   . . .        Y - +0 shortbow (freeze)
rCold   + . .        (shield currently unavailable)
rNeg    . . .        c - +0 leather armour
rPois   +            b - +1 helmet
rElec   .            (no cloak)
rCorr   .            (no gloves)
SInv    +            (no barding)
Will    .....        (no amulet)
Stlth   ++           h - ring of protection from cold
HPRegen 0.30/turn    (no ring)
MPRegen 0.10/turn

%: no passive effects
@: short of breath, very slow
A: AC +2, large, see invisible, deformed body, poison resistance, slowness 2,
spit poison 1, naga tail 1
a: Spit Poison


You were on level 4 of the Dungeon.
You visited 1 branch of the dungeon, and saw 4 of its levels.

You collected 166 gold pieces.
You spent 22 gold pieces at shops.


Innate Abilities, Weirdness & Mutations

Your serpentine skin is tough. (AC +2)
You have supernaturally acute eyesight. (SInv)
Armour fits poorly on your strangely shaped body.
Your system is resistant to poisons. (rPois)
You cover ground very slowly.
You can spit poison.
You have a snake-like lower body.


   Skills:
 - Level 4.1 Fighting
 + Level 6.6 Ranged Weapons
 - Level 1.5 Dodging
 - Level 1.5 Stealth


You had 6 spell levels left.
You didn't know any spells.
Your spell library was empty.

Inventory:

Hand Weapons
 Y - a +0 shortbow of freezing (weapon)
Armour
 b - a +1 helmet (worn)
 c - a +0 leather armour (worn)
Jewellery
 h - a ring of protection from cold (left hand)
Scrolls
 a - 2 scrolls of identify
 f - a scroll of teleportation {unknown}
Potions
 k - a potion of ambrosia {unknown}
 m - a potion of enlightenment {unknown}

Dungeon Overview and Level Annotations

Branches:
Dungeon (4/15)
 Temple: D:4-7

Altars:
Ashenzari
Dithmenos
Hepliaklqana
Vehumet

Shops:
D:1 *   D:2 ?


Message History

An ogre comes into view. It is wielding a +0 giant club.
You shoot an arrow. The ogre shouts!
The arrow hits the hobgoblin.
The arrow freezes the hobgoblin.
You kill the hobgoblin!
You shoot an arrow.
The arrow closely misses the ball python.
You have got your breath back.
3031 ||| INVOKING Spit Poison.
Aiming: Spit Poison (1% risk of failure)
Press: ? - help, Shift-Dir - straight line, f/p - ball python The splash of poison misses the ball python.
You shoot an arrow. The arrow hits the ball python!
The ball python seems to slow down.
The arrow freezes the ball python.
You kill the ball python!
You shoot an arrow.
The arrow hits the ogre but does no damage.
You shoot an arrow. The arrow barely misses the ogre.
The ogre hits you with a +0 giant club!
You shoot an arrow. The arrow hits the ogre.
The arrow freezes the ogre.
The ogre is moderately wounded.
You shoot an arrow. The arrow hits the ogre.
The arrow freezes the ogre.
The ogre is moderately wounded.
You have got your breath back.
The ogre hits you with a +0 giant club!
3037 ||| INVOKING Spit Poison.
Aiming: Spit Poison (1% risk of failure)
Press: ? - help, Shift-Dir - straight line, f/p - ogre The splash of poison hits the ogre.
The ogre is heavily wounded.
The ogre hits you with a +0 giant club!!
You hear a shout!
You shoot an arrow. The arrow hits the ogre.
The arrow freezes the ogre.
The ogre is heavily wounded.
The ogre closely misses you.
You shoot an arrow. The arrow barely misses the ogre.
You shoot an arrow. The arrow hits the ogre.
The arrow freezes the ogre.
The ogre is severely wounded.
The ogre hits you with a +0 giant club!
You die...

....... .## .. .......
... ##... ....... ..#
...... ....... ..#
...... ...)... ###..###
..... ....... ......#
#...
.!.....###.#.#.######...
......O@................
#####....#.......# #...
#.....#.......#.# #...
#.....#####.###.# ##..
#.....#.......#.#####..
#...%.#.###..##.#......
#..... #.)##.#......
##.... #............
##.##..~~~~~~


You could see an ogre.

Vanquished Creatures
  An ogre (D:4)
  4 orc priests (D:4)
  A hound (D:4)
  Natasha (D:4)
  An orc wizard (D:4)
  Robin (D:2)
  An adder (D:2)
  6 gnolls (D:3)
  2 worms
  A dart slug (D:2)
  2 orcs
  5 endoplasms
  5 giant cockroaches
  20 goblins
  5 hobgoblins
  2 jackals (D:1)
  A kobold (D:1)
  4 quokkas
  8 ball pythons
  4 bats
  3 frilled lizards
  4 rats
82 creatures vanquished.

Notes
Turn   | Place    | Note
-------+----------+-------------------------------------------
     0 | D:1      | qw the Naga Hunter began the quest for the Orb.
     0 | D:1      | Reached XP level 1. HP: 19/19 MP: 1/1
     0 | D:1      | 0 ||| qw: Version: 0.2-a-29-g1fa15c8
     0 | D:1      | 0 ||| qw: Game counter: 5072
     0 | D:1      | 0 ||| qw: Always use a shield: true
     0 | D:1      | 0 ||| qw: God list: Okawaru
     0 | D:1      | 0 ||| qw: Allow faded altars: false
     0 | D:1      | 0 ||| qw: Do Orc after D:15 true
     0 | D:1      | 0 ||| qw: Do second Lair branch before Depths: true
     0 | D:1      | 0 ||| qw: Lair rune preference: random
     0 | D:1      | 0 ||| qw: Plans: Normal
     0 | D:1      | 0 ||| PLANNING D:1-11
    73 | D:1      | 73 ||| INVOKING Spit Poison.
    81 | D:1      | 81 ||| INVOKING Spit Poison.
    87 | D:1      | 87 ||| INVOKING Spit Poison.
    93 | D:1      | 93 ||| INVOKING Spit Poison.
   107 | D:1      | 107 ||| INVOKING Spit Poison.
   108 | D:1      | Reached skill level 4 in Ranged Weapons
   108 | D:1      | Reached XP level 2. HP: 26/26 MP: 2/2
   113 | D:1      | 113 ||| INVOKING Spit Poison.
   131 | D:1      | 131 ||| INVOKING Spit Poison.
   166 | D:1      | 166 ||| INVOKING Spit Poison.
   181 | D:1      | Found Xekkuuptu's General Store.
   187 | D:1      | 187 ||| SHOPLISTING potion of haste (140 gold, have 4).
   187 | D:1      | 187 ||| SHOPLISTING potion of might (56 gold, have 4).
   196 | D:1      | 196 ||| INVOKING Spit Poison.
   202 | D:1      | 202 ||| INVOKING Spit Poison.
   242 | D:1      | 242 ||| INVOKING Spit Poison.
   277 | D:1      | 277 ||| INVOKING Spit Poison.
   373 | D:1      | 373 ||| INVOKING Spit Poison.
   390 | D:1      | 390 ||| INVOKING Spit Poison.
   397 | D:1      | 397 ||| INVOKING Spit Poison.
   401 | D:1      | Reached XP level 3. HP: 32/32 MP: 3/3
   445 | D:1      | 445 ||| INVOKING Spit Poison.
   492 | D:1      | Found a faded altar of an unknown god.
   527 | D:1      | 527 ||| INVOKING Spit Poison.
   569 | D:1      | 569 ||| UPGRADING to ring of protection from cold.
   570 | D:1      | 570 ||| READING 2 scrolls labelled ITUCSA OQOCAOR.
   571 | D:1      | 571 ||| READING scroll labelled DIUHUUDUGA.
   572 | D:1      | 572 ||| READING scroll labelled RANELO WEASOEVEAL.
   573 | D:1      | 573 ||| READING scroll labelled KOQIXE XYXTY.
   574 | D:1      | 574 ||| DROPPING scroll of butterflies.
   723 | D:2      | Found a shadowy altar of Dithmenos.
   725 | D:2      | 725 ||| INVOKING Spit Poison.
   755 | D:2      | 755 ||| INVOKING Spit Poison.
   760 | D:2      | 760 ||| INVOKING Spit Poison.
   801 | D:2      | 801 ||| INVOKING Spit Poison.
   805 | D:2      | 805 ||| INVOKING Spit Poison.
   852 | D:2      | Found Cuaneext's Magic Scroll Shop.
   858 | D:2      | 858 ||| SHOPLISTING 2 scrolls of teleportation (66 gold,
                  | have 41).
   858 | D:2      | 858 ||| SHOPLISTING scroll of enchant weapon (82 gold, have
                  | 41).
   858 | D:2      | 858 ||| BUYING scroll of identify (22 gold).
   858 | D:2      | Bought a scroll of identify for 22 gold pieces
   858 | D:2      | 858 ||| SHOPLISTING scroll of identify (22 gold, have 19).
   858 | D:2      | 858 ||| SHOPLISTING scroll of teleportation (33 gold, have
                  | 19).
   976 | D:2      | 976 ||| INVOKING Spit Poison.
  1281 | D:2      | 1281 ||| INVOKING Spit Poison.
  1300 | D:2      | 1300 ||| INVOKING Spit Poison.
  1304 | D:2      | 1304 ||| INVOKING Spit Poison.
  1339 | D:2      | 1339 ||| INVOKING Spit Poison.
  1343 | D:2      | 1343 ||| INVOKING Spit Poison.
  1346 | D:2      | 1346 ||| INVOKING Spit Poison.
  1350 | D:2      | 1350 ||| INVOKING Spit Poison.
  1458 | D:2      | 1458 ||| READING scroll labelled REP ZYNWIONEST.
  1459 | D:2      | 1459 ||| READING scroll labelled ITEGAG CEDA.
  1460 | D:2      | 1460 ||| READING scroll labelled WAJODDEJON.
  1561 | D:2      | 1561 ||| DRINKING 2 amethyst potions.
  1562 | D:2      | 1562 ||| DRINKING 2 smoky golden potions.
  1563 | D:2      | 1563 ||| DRINKING 2 murky puce potions.
  1607 | D:2      | 1607 ||| READING 3 scrolls of identify.
  1607 | D:2      | 1607 ||| IDENTIFYING inky potion
  1608 | D:2      | 1608 ||| READING 2 scrolls of identify.
  1608 | D:2      | 1608 ||| IDENTIFYING fizzy golden potion
  1609 | D:2      | 1609 ||| DROPPING potion of brilliance.
  1610 | D:2      | 1610 ||| DROPPING potion of attraction.
  1611 | D:2      | 1611 ||| DROPPING potion of lignification.
  1652 | D:3      | Noticed Robin
  1653 | D:3      | 1653 ||| INVOKING Spit Poison.
  1656 | D:3      | 1656 ||| STAIRDANCE
  1658 | D:2      | 1658 ||| INVOKING Spit Poison.
  1683 | D:3      | 1683 ||| STAIRDANCE
  1685 | D:2      | 1685 ||| INVOKING Spit Poison.
  1688 | D:2      | Reached skill level 5 in Ranged Weapons
  1689 | D:2      | Reached XP level 4. HP: 22/39 MP: 4/4
  1689 | D:2      | 1689 ||| INVOKING Spit Poison.
  1693 | D:2      | 1693 ||| INVOKING Spit Poison.
  1796 | D:3      | 1796 ||| INVOKING Spit Poison.
  1799 | D:3      | 1799 ||| STAIRDANCE
  1801 | D:2      | 1801 ||| INVOKING Spit Poison.
  1803 | D:2      | Killed Robin
  1837 | D:2      | 1837 ||| UPGRADING to +1 helmet.
  1845 | D:3      | 1845 ||| INVOKING Spit Poison.
  1847 | D:3      | 1847 ||| STAIRDANCE
  1895 | D:3      | 1895 ||| INVOKING Spit Poison.
  1912 | D:3      | Found a hazy altar of Hepliaklqana.
  1926 | D:3      | 1926 ||| INVOKING Spit Poison.
  2000 | D:3      | 2000 ||| INVOKING Spit Poison.
  2025 | D:3      | 2025 ||| INVOKING Spit Poison.
  2029 | D:3      | 2029 ||| READING scroll of brand weapon.
  2029 | D:3      | 2029 ||| BRANDING +0 shortbow of electrocution.
  2108 | D:3      | 2108 ||| INVOKING Spit Poison.
  2114 | D:3      | 2114 ||| INVOKING Spit Poison.
  2133 | D:3      | 2133 ||| INVOKING Spit Poison.
  2136 | D:3      | Reached skill level 3 in Fighting
  2150 | D:3      | 2150 ||| INVOKING Spit Poison.
  2168 | D:3      | Reached XP level 5. HP: 49/49 MP: 5/5
  2170 | D:3      | 2170 ||| INVOKING Spit Poison.
  2205 | D:3      | 2205 ||| INVOKING Spit Poison.
  2242 | D:3      | 2242 ||| INVOKING Spit Poison.
  2399 | D:3      | 2399 ||| INVOKING Spit Poison.
  2409 | D:3      | 2409 ||| INVOKING Spit Poison.
  2410 | D:3      | 2410 ||| Stepping ~*~*~tactically~*~*~ (outnumbered).
  2412 | D:3      | 2412 ||| Stepping ~*~*~tactically~*~*~ (outnumbered).
  2414 | D:3      | 2414 ||| INVOKING Spit Poison.
  2454 | D:3      | 2454 ||| INVOKING Spit Poison.
  2519 | D:3      | Found a broken altar of Ashenzari.
  2597 | D:3      | 2597 ||| READING scroll labelled DAIZIT RECS.
  2690 | D:4      | 2690 ||| Stepping ~*~*~tactically~*~*~ (outnumbered).
  2692 | D:4      | 2692 ||| INVOKING Spit Poison.
  2694 | D:4      | 2694 ||| DRINKING potion of curing.
  2694 | D:4      | 2694 ||| (to cure confusion)
  2711 | D:4      | 2711 ||| Stepping ~*~*~tactically~*~*~ (outnumbered).
  2712 | D:4      | 2712 ||| INVOKING Spit Poison.
  2713 | D:4      | 2713 ||| Stepping ~*~*~tactically~*~*~ (outnumbered).
  2715 | D:4      | 2715 ||| Stepping ~*~*~tactically~*~*~ (outnumbered).
  2717 | D:4      | 2717 ||| INVOKING Spit Poison.
  2721 | D:4      | 2721 ||| INVOKING Spit Poison.
  2725 | D:4      | Reached skill level 6 in Ranged Weapons
  2725 | D:4      | Reached XP level 6. HP: 30/56 MP: 6/6
  2725 | D:4      | 2725 ||| INVOKING Spit Poison.
  2730 | D:4      | HP: 8/56 [orc priest/divine providence (12)]
  2731 | D:4      | 2731 ||| DRINKING potion of heal wounds.
  2732 | D:4      | 2732 ||| INVOKING Spit Poison.
  2881 | D:4      | Found a radiant altar of Vehumet.
  2905 | D:4      | Noticed Natasha
  2906 | D:4      | 2906 ||| INVOKING Spit Poison.
  2910 | D:4      | 2910 ||| INVOKING Spit Poison.
  2913 | D:4      | 2913 ||| Stepping ~*~*~tactically~*~*~ (outnumbered).
  2915 | D:4      | 2915 ||| INVOKING Spit Poison.
  2915 | D:4      | Killed Natasha
  2936 | D:4      | 2936 ||| INVOKING Spit Poison.
  3011 | D:4      | 3011 ||| INVOKING Spit Poison.
  3015 | D:4      | Reached XP level 7. HP: 64/64 MP: 7/7
  3025 | D:4      | 3025 ||| INVOKING Spit Poison.
  3031 | D:4      | 3031 ||| INVOKING Spit Poison.
  3037 | D:4      | 3037 ||| INVOKING Spit Poison.
  3037 | D:4      | HP: 10/64 [ogre/+0 giant club (24)]
  3040 | D:4      | Slain by an ogre

Levels and vault maps discovered:
D:1:      minmay_arrival_widening_spiral_wide, layout_basic,
          hellmonk_ecumenical_altar_leap_of_faith, serial_shops, shop,
          st_stairs_12
D:2:      layout_loops_corners, serial_shops, nicolae_square_shop, basic_altar
D:3:      layout_loops_ring, nicolae_hepliaklqana_hazy_memory,
          nicolae_overflow_hidden_temple, uniq_robin
D:4:      layout_basic, mainiacjoe_overflow_concentric_impassable, uniq_edmund,
          uniq_natasha

Skill      XL: |  1  2  3  4  5  6 |
---------------+-------------------+-----
Ranged Weapons | 4 5 6 |  6.6
Fighting       | 3 4 |  4.1
Dodging        | |  1.5
Stealth        | |  1.5

Action                     |  1- 3 |  4- 6 |  7- 9 || total
---------------------------+-------+-------+-------++-------
   Fire: Shortbow          |    68 |    87 |    12 ||   167
Ability: Spit Poison       |    33 |    31 |     3 ||    67
    Use: Scroll            |     9 |     2 |       ||    11
         Potion            |     3 |     2 |       ||     5
 Armour: Leather armour    |     8 |    13 |       ||    21
  Dodge: Dodged            |    21 |    21 |     1 ||    43

Table legend:
 A = Non-vault XP
 B = Vault XP
 C = Vault XP percentage of total XP
 D = Non-vault monster count
 E = Vault monster count
 F = Vault count percentage of total count
                 A         B        C        D         E       F
            +---------+---------+-------+---------+---------+-------
      Total |     563 |      71 |  11.2 |      69 |      13 |  15.9
            +---------+---------+-------+---------+---------+-------
        D:1 |      39 |       0 |   0.0 |      24 |       0 |   0.0
        D:2 |      35 |      31 |  47.0 |      10 |       9 |  47.4
        D:3 |     112 |       5 |   4.3 |      20 |       3 |  13.0
        D:4 |     377 |      35 |   8.5 |      15 |       1 |   6.2
            +---------+---------+-------+---------+---------+-------
